 Dungeon Crawl Stone Soup version 0.28.0 (webtiles) character file.

Game seed: 7496160059885972127

16 kamiharu the Chopper (level 2, -1/40 HPs)
             Began as a Minotaur Berserker on Feb 5, 2022.
             Was a Follower of Trog.
             Slain by a quokka (4 damage)
             ... on level 1 of the Dungeon.
             The game lasted 00:01:08 (190 turns).

kamiharu the Chopper (Minotaur Berserker)            Turns: 190, Time: 00:01:08

Health: -1/40      AC:  2    Str: 21    XL:     2   Next: 41%
Magic:  1/1        EV: 12    Int:  4    God:    Trog [*.....]
Gold:   0          SH:  0    Dex:  9    Spells: 1/1 levels left

rFire   . . .      SeeInvis .   a - +0 hand axe
rCold   . . .      Faith    .   (no shield)
rNeg    . . .      Spirit   .   b - +0 animal skin
rPois   .          Reflect  .   (helmet restricted)
rElec   .          Harm     .   (no cloak)
rCorr   .          Rampage  .   (no gloves)
Will    .....                   (no boots)
Stlth   ..........              (no amulet)
HPRegen 0.13/turn               (no ring)
MPRegen 0.07/turn               (no ring)

@: berserking, very quick
A: horns 2, retaliatory headbutt
a: Renounce Religion, Berserk


You were on level 1 of the Dungeon.
You worshipped Trog.
Trog was aware of your devotion.
You visited 1 branch of the dungeon, and saw 1 of its levels.

Inventory:

Hand Weapons
 a - a +0 hand axe (weapon)
Armour
 b - a +0 animal skin (worn)
Scrolls
 c - a scroll of identify {unknown}
 d - a scroll of amnesia {unknown}
 f - a scroll of teleportation {unknown}
Potions
 e - a potion of flight {unknown}


   Skills:
 + Level 3.9 Fighting
 + Level 4.1 Axes
 + Level 2.6 Armour
 + Level 2.4 Dodging


You had one spell level left.
You didn't know any spells.
Your spell library was empty.

Dungeon Overview and Level Annotations

Branches:
Dungeon (1/15)

Altars:


Innate Abilities, Weirdness & Mutations

You have a pair of horns on your head.
You reflexively headbutt those who attack you in melee.


Message History

The endoplasm misses you.
The jackal bites you but does no damage.
You hit the endoplasm but do no damage.
The endoplasm is almost dead.
You closely miss the jackal. The endoplasm hits you.
The jackal closely misses you.
You hit the endoplasm.
You kill the endoplasm!
Trog accepts your kill.
You hit the jackal. The jackal closely misses you. The jackal misses you.
You furiously retaliate!
You headbutt the jackal.
You kill the jackal!
Trog accepts your kill. The quokka misses you.
You hit the quokka but do no damage.
The quokka bites you but does no damage.
You miss the quokka. Your headbutt misses the quokka.
The quokka barely misses you.
You barely miss the quokka. The quokka bites you.
The quokka bites you but does no damage.
You miss the quokka. The quokka barely misses you.
You closely miss the quokka. The quokka bites you.
You are too injured to fight recklessly!
You are too injured to fight recklessly!
You are too injured to fight recklessly!
You are too injured to fight recklessly!
The quokka bites you.
* * * LOW HITPOINT WARNING * * *
You barely miss the quokka.
A bat comes into view.
The quokka bites you but does no damage.
You closely miss the quokka. Your headbutt misses the quokka.
The quokka bites you.
* * * LOW HITPOINT WARNING * * *
A red film seems to cover your vision as you go berserk!
You feel yourself moving faster!
You feel mighty! The quokka bites you.
* * * LOW HITPOINT WARNING * * *
You barely miss the quokka. You barely miss the bat. The bat barely misses you.
The quokka bites you.
You die...

#.#.### #.##.# #.##
#..(...##†##.# ...
...........#.# #.# . #
.#...##...†#####.##.
###. #........).........
.....#.####)..........##
#..#..b.........#...#
#.........#.##.#.#.#
#..#.@######.##.#.#†#
#.r# #.##.#.#.## #††#
#.##.#.#... #..#
.......###. #..#
#.#####. #..# .......
#... .#####. ##.# #. #.#
#.


You could see a quokka and a bat.

Vanquished Creatures
  A dart slug (D:1)
  2 endoplasms (D:1)
  A goblin (D:1)
  A hobgoblin (D:1)
  4 jackals (D:1)
  2 ball pythons (D:1)
  A rat (D:1)
12 creatures vanquished.

Notes
Turn   | Place    | Note
-------+----------+-------------------------------------------
     0 | D:1      | kamiharu the Minotaur Berserker began the quest for the
                  | Orb.
     0 | D:1      | Reached XP level 1. HP: 19/19 MP: 0/0
   165 | D:1      | Reached XP level 2. HP: 27/27 MP: 1/1
   177 | D:1      | Reached skill level 4 in Axes
   190 | D:1      | Slain by a quokka

Illustrated notes

Levels and vault maps discovered:
D:1:      amcnicky_arrival_gap_in_the_tavern_cellar, layout_loops_ring

Skill      XL: |  1  2 |
---------------+-------+-----
Axes           | 4 |  4.1
Fighting       | |  3.9
Armour         | |  2.6
Dodging        | |  2.4

Action                   || total
-------------------------++-------
Melee: Hand axe          ||    27
       Headbutt          ||     1
Invok: Berserk           ||     1
Armor: Animal skin       ||     5
Dodge: Dodged            ||    23
